 Dungeon Crawl Stone Soup version 0.32-a0-560-g4c7f4391e0 (webtiles) character file.

Game seed: 12978698897980435877

7 javelincjr the Grasshopper (level 1, 0/16 HPs)
             Began as a Demonspawn Warper on Feb 29, 2024.
             Slain by a goblin
             ... wielding a +0 club
              (1 damage)
             ... on level 1 of the Dungeon.
             The game lasted 00:01:06 (148 turns).

javelincjr the Grasshopper (Demonspawn Warper)       Turns: 148, Time: 00:01:07

Health: 0/16       AC:  3    Str: 11    XL:     1   Next: 83%
Magic:  3/3        EV: 11    Int: 13    God:
Gold:   1          SH:  0    Dex: 12    Spells: 4/4 levels left

rFire   . . .        a - +0 spear
rCold   . . .        (no shield)
rNeg    . . .        b - +0 leather armour
rPois   .            (no helmet)
rElec   .            (no cloak)
rCorr   .            (no gloves)
SInv    .            (no boots)
Will    .....        (no amulet)
Stlth   +            (no ring)
HPRegen 0.22/turn    (no ring)
MPRegen 0.08/turn

%: no passive effects
@: no status effects
A: no striking features
a: no special abilities


You were on level 1 of the Dungeon.
You visited 1 branch of the dungeon, and saw 1 of its levels.

You collected 1 gold pieces.

Inventory:

Hand Weapons
 a - a +0 spear (weapon)
Missiles
 d - 7 darts of dispersal (quivered)
Armour
 b - a +0 leather armour (worn)
Scrolls
 c - a scroll of blinking


   Skills:
 + Level 2.1 Fighting
 + Level 1.8 Polearms
 - Level 1.0 Throwing
 + Level 1.0 Armour
 + Level 1.8 Dodging
 + Level 2.1 Spellcasting
 + Level 2.7 Translocations


You had 4 spell levels left.
You didn't know any spells.
Your spell library contained the following spells:

 Spells                   Type           Power      Damage    Failure   Level
 Blink                    Tloc           16%        N/A       16%         2
 Lesser Beckoning         Tloc           16%        N/A       16%         2
 Teleport Other           Tloc           8%         N/A       32%         3
 Manifold Assault         Tloc           8%         N/A       71%         4
 Vhi's Electric Charge    Tloc/Air       8%         N/A       88%         4


Dungeon Overview and Level Annotations

Branches:
Dungeon (1/15)

Altars:


Message History

HP restored.
You now have 1 gold piece.
A dart slug comes into view.
The dart slug launches a dart at you. The slug dart hits you.
A goblin comes into view. It is wielding a +0 club.
The goblin shouts!
The dart slug launches a dart at you. The slug dart hits you.
The dart slug launches a dart at you. The slug dart hits you.
You reach to attack!
You hit the dart slug.
The dart slug is moderately wounded.
You hit the dart slug but do no damage.
The dart slug is moderately wounded.
The dart slug bites you.
You are too injured to fight recklessly!
You are too injured to fight recklessly!
You hit the dart slug.
The dart slug is moderately wounded.
The goblin closely misses you.
You hit the dart slug.
The dart slug is severely wounded.
The dart slug barely misses you. The goblin hits you but does no damage.
You hit the dart slug but do no damage.
The dart slug is severely wounded.
The goblin closely misses you. The dart slug launches a dart at you.
The slug dart hits you.
* * * LOW HITPOINT WARNING * * *
You hit the dart slug but do no damage.
The dart slug is severely wounded.
The goblin closely misses you. The dart slug launches a dart at you.
The slug dart hits you.
* * * LOW HITPOINT WARNING * * *
You hit the dart slug.
You kill the dart slug!
The goblin hits you with a +0 club.
You die...

♣♣♣♣ #.# #.. .#
♣.♣∩∩∩ #.#. #..#.#
♣♣∩.... #...##..#.#
♣∩..♣♣♣ ...#.g#.# ..
♣∩...<.
.....#.###...♣♣∩..♣♣♣
#............♣♣∩....
#..#g.###..>.♣♣ ∩.∩
#..@...##.###.♣♣♣♣.♣
#.###......##...♣♣.♣
#....#.#+#..#.#.....
####.#............†#
#.#........)....#
#.#.............#
#.#.............#
..#.............#
###.............#


You could see a goblin.

Vanquished Creatures
  A dart slug (D:1)
  A ball python (D:1)
  An endoplasm (D:1)
  A goblin (D:1)
  A quokka (D:1)
  A bat (D:1)
  A frilled lizard (D:1)
7 creatures vanquished.

Notes
Turn   | Place    | Note
-------+----------+-------------------------------------------
     0 | D:1      | javelincjr the Demonspawn Warper began the quest for the
                  | Orb.
     0 | D:1      | Reached XP level 1. HP: 16/16 MP: 3/3
    79 | D:1      | Reached skill level 1 in Armour
    87 | D:1      | Reached skill level 1 in Throwing
   148 | D:1      | Slain by a goblin

Illustrated notes

Levels and vault maps discovered:
D:1:      heliophobic_arrival_henge, layout_basic,
          chequers_ecumenical_altar_simple, minmay_pentomino_r4

Skill      XL: |  1 |
---------------+----+-----
Armour         | 1 |  1.0
Throwing       | 1 |  1.0
Fighting       | |  2.1
Polearms       | |  1.8
Dodging        | |  1.8
Spellcasting   | |  2.1
Translocations | |  2.7

Action                     || total
---------------------------++-------
  Melee: Spear             ||    24
 Armour: Leather armour    ||    27
  Dodge: Dodged            ||    14

Table legend: (Time is in decaauts)
 A = Elapsed time spent in this place.
 B = Non-inter-level travel time spent in this place.
 C = Inter-level travel time spent in this place.
 D = Time resting spent in this place.
 E = Time spent auto-exploring this place.
 F = Levels seen in this place.
 G = Mean time per level.
                   A        B        C        D        E       F      G
               +--------+--------+--------+--------+--------+-----+--------+
         Total |    148 |    148 |      0 |      0 |    107 |   1 |  148.0 |
       Dungeon |    148 |    148 |      0 |      0 |    107 |   1 |  148.0 |
               +--------+--------+--------+--------+--------+-----+--------+

Top non-repeatable levels by time:
     D:1: 148 daAuts
